FSL
MIAMI WHALES @ ST. PETERSBURG SAINTS
06/03/1982
 
TOP OF THE 1ST
Miami Whales batting - Pitching for St. Petersburg Saints : RHP Tian-yun Liu
Pitching: RHP Tian-yun Liu
Batting: SHB Ramon Alcantara 0-0: Foul Ball, location: 2F
0-1: TRIPLE (Flyball, 89XD, EV 93.8 MPH)
Batting: SHB Philip Rossi 0-0: Called Strike
0-1: Foul Ball, location: 2F
0-2: Ball
1-2: Ball
2-2: Ground out 4-3 (Groundball, 4M, EV 110.6 MPH)
Ramon Alcantara scores
Batting: RHB Tom Grant 0-0: Called Strike
0-1: Foul Ball, location: 2F
0-2: Foul Ball, location: 2F
0-2: Ball
1-2: Ball
2-2: SINGLE (Groundball, 5S, EV 68.8 MPH) (infield hit)
Batting: LHB Lorenzo Bundy 0-0: Fly out, F8 (Flyball, 8RD, EV 99.4 MPH)
Batting: RHB Steve Benson 0-0: Fielders Choice at 2nd, 6-4 (Groundball, 6, EV 80.0 MPH)
Top of the 1st over - 1 run, 2 hits, 0 errors, 1 left on base; Miami 1 - St. Petersburg 0
BOTTOM OF THE 1ST
St. Petersburg Saints batting - Pitching for Miami Whales : LHP David Wells
Pitching: LHP David Wells
Batting: RHB Jeff Pyburn 0-0: Ball
1-0: Ball
2-0: Called Strike
2-1: Fly out, F9 (Line Drive, 9D, EV 92.5 MPH)
Batting: RHB Pablo Carballo 0-0: Ball
1-0: Called Strike
1-1: Ball
2-1: Fly out, F9 (Flyball, 9, EV 90.6 MPH)
Batting: LHB Terry Blocker 0-0: Swinging Strike
0-1: Foul Ball, location: 2F
0-2: Ground out U3 (Groundball, 3, EV 76.3 MPH)
Bottom of the 1st over - 0 runs, 0 hits, 0 errors, 0 left on base; Miami 1 - St. Petersburg 0
TOP OF THE 2ND
Miami Whales batting - Pitching for St. Petersburg Saints : RHP Tian-yun Liu
Batting: RHB Alex Dominguez 0-0: Foul Ball, location: 2F
0-1: Foul Ball, location: 2F
0-2: Ball
1-2: Ground out 5-3 (Groundball, 56, EV 88.1 MPH)
Batting: RHB Ramon Cardenas 0-0: Swinging Strike
0-1: Ground out 4-3 (Groundball, 34, EV 86.3 MPH)
Batting: RHB Patrick Rubino 0-0: Ball
1-0: Fly out, F9 (Flyball, 9LS, EV 91.9 MPH)
Top of the 2nd over - 0 runs, 0 hits, 0 errors, 0 left on base; Miami 1 - St. Petersburg 0
BOTTOM OF THE 2ND
St. Petersburg Saints batting - Pitching for Miami Whales : LHP David Wells
Batting: RHB Rock Coyle 0-0: Ball
1-0: Ground out 6-3 (Groundball, 6, EV 88.8 MPH)
Batting: RHB Ric Despaux 0-0: Swinging Strike
0-1: Ball
1-1: Foul Ball, location: 2F
1-2: Ball
2-2: Foul Ball, location: 2F
2-2: Fly out, F9 (Flyball, 89S, EV 83.8 MPH)
Batting: RHB Randy Ingle 0-0: Called Strike
0-1: Called Strike
0-2: SINGLE (Line Drive, 9S, EV 94.4 MPH)
Batting: RHB Joe Lansford 0-0: Ball
1-0: Foul Ball, location: 2F
1-1: Ground out 5-3 (Groundball, 56S, EV 91.9 MPH)
Bottom of the 2nd over - 0 runs, 1 hit, 0 errors, 1 left on base; Miami 1 - St. Petersburg 0
TOP OF THE 3RD
Miami Whales batting - Pitching for St. Petersburg Saints : RHP Tian-yun Liu
Batting: RHB Jonathan Cordova 0-0: Ball
1-0: Called Strike
1-1: Ball
2-1: Fly out, F7 (Flyball, 7LM, EV 106.3 MPH)
Batting: SHB Ramon Alcantara 0-0: Ball
1-0: Called Strike
1-1: Swinging Strike
1-2: Foul Ball, location: 2F
1-2: Ball
2-2: Foul Ball, location: 2F
2-2: Fly out, F8 (Line Drive, 8RM, EV 94.4 MPH)
Batting: SHB Philip Rossi 0-0: Swinging Strike
0-1: Ball
1-1: Ball
2-1: Foul Ball, location: 2F
2-2: Foul Ball, location: 2F
2-2: SINGLE (Line Drive, 4MD, EV 108.1 MPH)
Batting: RHB Tom Grant 0-0: Called Strike
Philip Rossi steals 2nd base
0-1: Ball
1-1: Ball
2-1: Ball
3-1: Swinging Strike
3-2: Foul Ball, location: 2F
3-2: Fly out, F3 (Line Drive, 3, EV 73.1 MPH)
Top of the 3rd over - 0 runs, 1 hit, 0 errors, 1 left on base; Miami 1 - St. Petersburg 0
BOTTOM OF THE 3RD
St. Petersburg Saints batting - Pitching for Miami Whales : LHP David Wells
Batting: RHB Roberto Alvarez 0-0: Ball
1-0: Ground out 5-3 (Groundball, 56, EV 92.5 MPH)
Batting: RHB Francisco Escalera 0-0: Ball
1-0: Swinging Strike
1-1: Foul Ball, location: 2F
1-2: Ball
2-2: Strikes out swinging
Batting: RHB Jeff Pyburn 0-0: Called Strike
0-1: SINGLE (Groundball, 4MD, EV 101.3 MPH)
Batting: RHB Pablo Carballo 0-0: Ball
Jeff Pyburn is caught stealing 2nd base 2-4
Bottom of the 3rd over - 0 runs, 1 hit, 0 errors, 0 left on base; Miami 1 - St. Petersburg 0
TOP OF THE 4TH
Miami Whales batting - Pitching for St. Petersburg Saints : RHP Tian-yun Liu
Batting: LHB Lorenzo Bundy 0-0: Ball
1-0: Called Strike
1-1: Foul Ball, location: 2F
1-2: Foul Ball, location: 2F
1-2: Foul Ball, location: 2F
1-2: Ball
2-2: SINGLE (Line Drive, 8RS, EV 91.3 MPH)
Batting: RHB Steve Benson 0-0: Ball
1-0: Grounds into double play, 4-6-3 (Groundball, 4, EV 110.0 MPH)
Batting: RHB Alex Dominguez 0-0: Ball
1-0: Ball
2-0: Ball
3-0: Fly out, F8 (Flyball, 78D, EV 98.1 MPH)
Top of the 4th over - 0 runs, 1 hit, 0 errors, 0 left on base; Miami 1 - St. Petersburg 0
BOTTOM OF THE 4TH
St. Petersburg Saints batting - Pitching for Miami Whales : LHP David Wells
Batting: RHB Pablo Carballo 0-0: Fly out, F9 (Flyball, 89S, EV 86.3 MPH)
Batting: LHB Terry Blocker 0-0: Foul Ball, location: 2F
0-1: Ball
1-1: Ball
2-1: Ground out 6-3 (Groundball, 6, EV 101.3 MPH)
Batting: RHB Rock Coyle 0-0: Foul Ball, location: 2F
0-1: SINGLE (Groundball, 6MD, EV 108.1 MPH)
Batting: RHB Ric Despaux 0-0: Called Strike
0-1: Foul Ball, location: 2F
0-2: Fielders Choice at 2nd, 5-4 (Groundball, 5L, EV 85.6 MPH)
Bottom of the 4th over - 0 runs, 1 hit, 0 errors, 1 left on base; Miami 1 - St. Petersburg 0
TOP OF THE 5TH
Miami Whales batting - Pitching for St. Petersburg Saints : RHP Tian-yun Liu
Batting: RHB Ramon Cardenas 0-0: Ball
1-0: Ground out 5-3 (Groundball, 5S, EV 71.9 MPH)
Batting: RHB Patrick Rubino 0-0: Ball
1-0: SINGLE (Line Drive, 7LS, EV 106.3 MPH)
Batting: RHB Jonathan Cordova 0-0: Foul Ball, location: 2F
0-1: Ball
1-1: Called Strike
1-2: Ball
2-2: Fly out, F8 (Flyball, 89M, EV 89.4 MPH)
Batting: SHB Ramon Alcantara 0-0: Called Strike
0-1: Called Strike
0-2: Hit by Pitch
Patrick Rubino to second
Batting: SHB Philip Rossi 0-0: Ball
1-0: Foul Ball, location: 2F
1-1: Called Strike
1-2: Foul Ball, location: 2F
1-2: Foul Ball, location: 2F
1-2: Fly out, F8 (Flyball, 8LD, EV 108.1 MPH)
Top of the 5th over - 0 runs, 1 hit, 0 errors, 2 left on base; Miami 1 - St. Petersburg 0
BOTTOM OF THE 5TH
St. Petersburg Saints batting - Pitching for Miami Whales : LHP David Wells
Batting: RHB Randy Ingle 0-0: Called Strike
0-1: Foul Ball, location: 2F
0-2: Ball
1-2: SINGLE (Groundball, 6MD, EV 107.5 MPH)
Batting: RHB Joe Lansford 0-0: Called Strike
0-1: Called Strike
0-2: Strikes out looking
Batting: RHB Roberto Alvarez 0-0: Called Strike
0-1: Swinging Strike
0-2: Ball
1-2: Ball
2-2: Ball
3-2: Strikes out looking
Batting: RHB Francisco Escalera 0-0: Called Strike
0-1: Foul Ball, location: 2F
0-2: SINGLE (Line Drive, 7S, EV 105.0 MPH)
Randy Ingle to second
Batting: RHB Jeff Pyburn 0-0: Ball
1-0: Ground out 6-3 (Groundball, 6MD, EV 105.0 MPH)
Bottom of the 5th over - 0 runs, 2 hits, 0 errors, 2 left on base; Miami 1 - St. Petersburg 0
TOP OF THE 6TH
Miami Whales batting - Pitching for St. Petersburg Saints : RHP Tian-yun Liu
Batting: RHB Tom Grant 0-0: Ball
1-0: Ground out 1-3 (Groundball, 34S, EV 69.4 MPH)
Batting: LHB Lorenzo Bundy 0-0: Ground out 4-3 (Groundball, 4, EV 101.9 MPH)
Batting: RHB Steve Benson 0-0: Ball
1-0: Ball
2-0: Ball
3-0: Called Strike
3-1: Foul Ball, location: 2F
3-2: Fly out, F7 (Flyball, 7, EV 85.6 MPH)
Top of the 6th over - 0 runs, 0 hits, 0 errors, 0 left on base; Miami 1 - St. Petersburg 0
BOTTOM OF THE 6TH
St. Petersburg Saints batting - Pitching for Miami Whales : LHP David Wells
Batting: RHB Pablo Carballo 0-0: Ball
1-0: Swinging Strike
1-1: Called Strike
1-2: Fly out, F3 (Popup, 3SF, EV 83.1 MPH)
Batting: LHB Terry Blocker 0-0: Ball
1-0: Swinging Strike
1-1: Ball
2-1: SINGLE (Line Drive, 56D, EV 94.4 MPH)
Batting: RHB Rock Coyle 0-0: Called Strike
Terry Blocker steals 2nd base
0-1: Called Strike
0-2: Ball
1-2: Ball
2-2: Ball
Wild Pitch!
Terry Blocker to third
3-2: DOUBLE (Line Drive, 78XD, EV 107.5 MPH)
Terry Blocker scores
Batting: RHB Ric Despaux 0-0: Ball
1-0: Ball
2-0: Foul Ball, location: 2F
2-1: Foul Ball, location: 2F
2-2: Strikes out swinging, 2-3 out at first.
Batting: RHB Randy Ingle 0-0: Foul Ball, location: 2F
0-1: Ball
1-1: SINGLE (Groundball, 6M, EV 103.8 MPH)
Rock Coyle to third
Runner from 3rd tries for Home, SAFE, throw by CF to home
Randy Ingle to second
Batting: RHB Joe Lansford 0-0: Ball
1-0: Foul Ball, location: 2F
1-1: Foul Ball, location: 2F
1-2: Ball
2-2: Ball
3-2: Fly out, F8 (Flyball, 8RXD, EV 86.3 MPH)
Bottom of the 6th over - 2 runs, 3 hits, 0 errors, 1 left on base; Miami 1 - St. Petersburg 2
TOP OF THE 7TH
Miami Whales batting - Pitching for St. Petersburg Saints : RHP Tian-yun Liu
Batting: RHB Alex Dominguez 0-0: Foul Ball, location: 2F
0-1: Ball
1-1: Swinging Strike
1-2: Foul Ball, location: 2F
1-2: Ball
2-2: SINGLE (Groundball, 6M, EV 84.4 MPH) (infield hit)
Batting: RHB Ramon Cardenas 0-0: Ball
1-0: Bunt missed!
1-1: Bunted foul
1-2: Foul Ball, location: 2F
1-2: Grounds into double play, 6-4-3 (Groundball, 6M, EV 85.0 MPH)
Batting: RHB Patrick Rubino 0-0: Ball
1-0: Called Strike
1-1: Ball
2-1: Foul Ball, location: 2F
2-2: Foul Ball, location: 2F
2-2: Strikes out swinging
Top of the 7th over - 0 runs, 1 hit, 0 errors, 0 left on base; Miami 1 - St. Petersburg 2
BOTTOM OF THE 7TH
St. Petersburg Saints batting - Pitching for Miami Whales : LHP David Wells
Batting: RHB Roberto Alvarez 0-0: Ball
1-0: Ground out 6-3 (Groundball, 6MS, EV 83.1 MPH)
Batting: RHB Francisco Escalera 0-0: Ball
1-0: Ball
2-0: DOUBLE (Flyball, 8RD, EV 96.3 MPH)
Batting: RHB Jeff Pyburn 0-0: Intentional Walk
Batting: RHB Pablo Carballo 0-0: Called Strike
0-1: Called Strike
0-2: Strikes out swinging
Batting: LHB Terry Blocker 0-0: Called Strike
0-1: Fly out, F8 (Line Drive, 8RM, EV 96.3 MPH)
Bottom of the 7th over - 0 runs, 1 hit, 0 errors, 2 left on base; Miami 1 - St. Petersburg 2
TOP OF THE 8TH
Miami Whales batting - Pitching for St. Petersburg Saints : RHP Tian-yun Liu
Now at C: Jerry Johnson
Batting: RHB Jonathan Cordova 0-0: Foul Ball, location: 2F
0-1: Called Strike
0-2: Ball
1-2: Strikes out swinging
Batting: SHB Ramon Alcantara 0-0: Called Strike
0-1: Foul Ball, location: 2F
0-2: Ground out 6-3 (Groundball, 6, EV 86.3 MPH)
Batting: SHB Philip Rossi 0-0: Fly out, F8 (Line Drive, 8RD, EV 96.3 MPH)
Top of the 8th over - 0 runs, 0 hits, 0 errors, 0 left on base; Miami 1 - St. Petersburg 2
BOTTOM OF THE 8TH
St. Petersburg Saints batting - Pitching for Miami Whales : LHP David Wells
Batting: RHB Rock Coyle 0-0: Called Strike
0-1: Ball
1-1: Foul Ball, location: 2F
1-2: Ball
2-2: Ground out 5-3 (Groundball, 5S, EV 85.6 MPH)
Batting: RHB Jerry Johnson 0-0: SINGLE (Flyball, 8RS, EV 96.9 MPH)
Batting: RHB Randy Ingle 0-0: SINGLE (Groundball, 6MD, EV 98.8 MPH)
Jerry Johnson to second
Batting: RHB Joe Lansford 0-0: Called Strike
0-1: Foul Ball, location: 2F
0-2: Foul Ball, location: 2F
0-2: Ball
1-2: Ball
2-2: Ball
3-2: Base on Balls
Jerry Johnson to third
Randy Ingle to second
Batting: RHB Roberto Alvarez 0-0: Called Strike
0-1: Ball
1-1: Fly out, F7 (Flyball, 78S, EV 91.3 MPH)
Batting: RHB Francisco Escalera 0-0: Foul Ball, location: 2F
0-1: Foul Ball, location: 2F
0-2: Foul Ball, location: 2F
0-2: Ball
1-2: Ball
2-2: Ball
3-2: SINGLE (Groundball, 6S, EV 70.0 MPH) (infield hit)
Jerry Johnson scores
Randy Ingle to third
Joe Lansford to second
Batting: RHB Jeff Pyburn 0-0: Ball
1-0: Ball
2-0: Foul Ball, location: 2F
2-1: Ball
Wild Pitch!
Randy Ingle scores
Joe Lansford to third
Francisco Escalera to second
3-1: Base on Balls
Batting: RHB Pablo Carballo 0-0: Called Strike
0-1: Ball
1-1: Ball
2-1: Ball
3-1: Base on Balls
Joe Lansford scores
Francisco Escalera to third
Jeff Pyburn to second
Batting: LHB Terry Blocker 0-0: Called Strike
0-1: Called Strike
0-2: Strikes out looking
Bottom of the 8th over - 3 runs, 3 hits, 0 errors, 3 left on base; Miami 1 - St. Petersburg 5
TOP OF THE 9TH
Miami Whales batting - Pitching for St. Petersburg Saints : RHP Tian-yun Liu
Batting: RHB Tom Grant 0-0: Ball
1-0: Ball
2-0: Called Strike
2-1: Foul Ball, location: 2F
2-2: Strikes out swinging
Batting: LHB Lorenzo Bundy 0-0: DOUBLE (Line Drive, 3D, EV 105.6 MPH)
Batting: RHB Steve Benson 0-0: Called Strike
0-1: SINGLE (Groundball, 4D, EV 106.9 MPH)
Lorenzo Bundy to third
Batting: RHB Alex Dominguez 0-0: Called Strike
0-1: Grounds into double play, 6-4-3 (Groundball, 6, EV 106.3 MPH)
Top of the 9th over - 0 runs, 2 hits, 0 errors, 1 left on base; Miami 1 - St. Petersburg 5
Wednesday, August 5th, 2020 - OOTP Baseball 21.5 Build 76